 Seeded DCSS version 0.28.0 (webtiles) character file.

Game seed: 10379525442082979767 (custom seed)

644 hikkokomori the Skirmisher (level 7, -4/58 HPs)
             Began as a Formicid Fighter on Feb 16, 2022.
             Slain by a killer bee (5 damage)
             ... on level 4 of the Dungeon.
             The game lasted 00:07:40 (4186 turns).

hikkokomori the Skirmisher (Formicid Fighter)       Turns: 4186, Time: 00:07:40

Health: -4/58      AC: 10    Str: 22    XL:     7   Next: 81%
Magic:  7/7        EV:  7    Int:  8    God:
Gold:   92         SH:  5    Dex: 10    Spells: 6/6 levels left

rFire   . . .      SeeInvis +   i - +0 halberd (protect)
rCold   . . .      Faith    .   c - +0 buckler
rNeg    . . .      Spirit   .   j - +0 chain mail
rPois   .          Reflect  .   (helmet unavailable)
rElec   .          Harm     .   (no cloak)
rCorr   .          Rampage  .   (no gloves)
Will    .....                   (no boots)
Stlth   ..........              (no amulet)
HPRegen 0.19/turn               (no ring)
MPRegen 0.10/turn               (no ring)

@: no status effects
A: permanent stasis, dig shafts and tunnels, antennae 3, four strong arms
a: Dig, Shaft Self


You were on level 4 of the Dungeon.
You visited 1 branch of the dungeon, and saw 5 of its levels.

You collected 120 gold pieces.
You spent 28 gold pieces at shops.

Inventory:

Hand Weapons
 a - a +0 quarterstaff
 i - a +0 halberd of protection (weapon)
Armour
 b - a +0 scale mail
 c - a +0 buckler (worn)
 j - a +0 chain mail (worn)
Scrolls
 g - a scroll of immolation {unknown}
 h - a scroll of teleportation
 l - a scroll of magic mapping {unknown}
 m - a scroll of blinking {unknown}
 n - a scroll of fog {unknown}
 p - a scroll of amnesia {unknown}
 q - a scroll of enchant weapon {unknown}
 r - a scroll of torment {unknown}
 s - a scroll of fear {unknown}
 t - a scroll of identify
Potions
 d - a potion of might
 e - a potion of degeneration {unknown}
 k - a potion of brilliance {unknown}
 o - a potion of attraction {unknown}


   Skills:
 + Level 6.0 Fighting
 + Level 2.6(3.0) Polearms
 - Level 2.0(2.6) Staves
 + Level 6.0 Armour
 - Level 5.4 Shields


You had 6 spell levels left.
You didn't know any spells.
Your spell library contained the following spells:

 Spells                   Type           Power      Damage    Failure   Level
 Static Discharge         Conj/Air       0%         N/A       99%         2
 Dispel Undead            Necr           0%         3d6       100%        4
 Sticky Flame             Conj/Fire      0%         2d3       100%        4


Dungeon Overview and Level Annotations

Branches:
Dungeon (5/15)
 Temple: D:4-7

Altars:

Shops:
D:3 ?

Annotations:
D:5 Eustachio


Innate Abilities, Weirdness & Mutations

You cannot be hasted, slowed, berserked, paralysed or teleported.
You can dig through walls and to a lower floor.
You have a pair of large antennae on your head. (SInv)
Your four strong arms can wield two-handed weapons with a shield.


Message History

The killer bee stings you but does no damage.
You barely miss the killer bee.
The killer bee is severely wounded.
You feel sick.
You are no longer poisoned.
You block the killer bee's attack. The killer bee barely misses you.
You slash the killer bee!
You kill the killer bee!
You block the killer bee's attack. The killer bee closely misses you.
Your life force feels restored.
Your Fighting skill increases to level 6!
Your Armour skill increases to level 6!
You closely miss the killer bee. The killer bee barely misses you.
The killer bee stings you but does no damage.
You miss the killer bee.
The killer bee stings you but does no damage. x2
The killer bee stings you.
* * * LOW HITPOINT WARNING * * *
You miss the killer bee.
The killer bee stings you but does no damage.
The killer bee stings you.
* * * LOW HITPOINT WARNING * * *
The killer bee stings you but does no damage.
You barely miss the killer bee.
The killer bee stings you but does no damage.
The killer bee stings you.
* * * LOW HITPOINT WARNING * * *
The killer bee stings you but does no damage.
Okay, then.
You barely miss the killer bee.
The killer bee stings you but does no damage.
The killer bee barely misses you.
You miss the killer bee.
The killer bee stings you but does no damage.
The killer bee stings you.
* * * LOW HITPOINT WARNING * * *
You block the killer bee's attack.
You barely miss the killer bee. The killer bee closely misses you.
The killer bee stings you.
You die...

# ########## # # #
################ # ########
#.....#........##### #
.......###.###.#.#####......# #
######.....# #>#.# ###..###.#####
.## #####.###...# #.............
..# #.....#y# #.#..###.###.. .##
###.###@###.#......# ##. ## #.#
#........##### ## #
####.#######.#### # # #........#
#.# # ## #......#.# #.## ## .##
#......#.# #..## ##. ..##
#......#.# #...# ##.. ...##
##......#######'#######...
....####.......#.............#...


You could see a killer bee.

Vanquished Creatures
  Sigmund (D:3)
  Edmund (D:4)
  Blork the orc (D:4)
  A killer bee (D:4)
  An iguana (D:4)
  An orc wizard (D:4)
  Robin (D:4)
  8 gnolls
  3 adders
  An adder skeleton (D:4)
  A worm (D:3)
  4 dart slugs
  4 orcs (D:4)
  An endoplasm (D:3)
  5 giant cockroaches
  12 goblins
  4 hobgoblins
  2 jackals (D:4)
  2 quokkas
  8 ball pythons
  9 bats
  4 frilled lizards
  8 kobolds
  3 rats
86 creatures vanquished.

Notes
Turn   | Place    | Note
-------+----------+-------------------------------------------
     0 | D:1      | hikkokomori the Formicid Fighter began the quest for the
                  | Orb.
     0 | D:1      | Reached XP level 1. HP: 18/18 MP: 1/1
   209 | D:1      | Reached XP level 2. HP: 24/24 MP: 2/2
   785 | D:2      | Reached XP level 3. HP: 30/30 MP: 3/3
  1352 | D:2      | Reached XP level 4. HP: 37/37 MP: 4/4
  1465 | D:3      | Found Vynolin's Magic Scroll Boutique.
  1469 | D:3      | Bought a scroll of identify for 28 gold pieces
  1878 | D:3      | Noticed Sigmund
  1895 | D:3      | Killed Sigmund
  1896 | D:3      | Reached skill level 5 in Fighting
  1896 | D:3      | Reached skill level 5 in Armour
  1896 | D:3      | Reached skill level 5 in Shields
  1896 | D:3      | Reached XP level 5. HP: 29/44 MP: 5/5
  1896 | D:3      | Reached XP level 6. HP: 34/51 MP: 6/6
  2401 | D:3      | Found a faded altar of an unknown god.
  2840 | D:4      | Noticed Blork the orc
  2853 | D:4      | Killed Blork the orc
  2854 | D:4      | Reached skill level 1 in Polearms
  2983 | D:4      | Reached XP level 7. HP: 36/56 MP: 7/7
  3244 | D:4      | Noticed Robin
  3273 | D:4      | Killed Robin
  3713 | D:4      | Noticed Edmund
  3725 | D:4      | Killed Edmund
  4165 | D:5      | Entered Level 5 of the Dungeon
  4165 | D:5      | Noticed Eustachio
  4185 | D:4      | HP: 1/58 [killer bee (3)]
  4186 | D:4      | Slain by a killer bee

Illustrated notes

Levels and vault maps discovered:
D:1:      minmay_arrival_arboretum_small, layout_basic
D:2:      layout_basic
D:3:      layout_loops_cross, serial_shops, nicolae_shop_hallway_stairs,
          ebering_ecumenical_altar_ruins, uniq_sigmund
D:4:      layout_loops_corners, kennysheep_generic_room_2, uniq_blork_the_orc,
          uniq_edmund, uniq_robin
D:5:      layout_cave_pools, corexii_corridor_pit, minmay_lizard_king,
          uniq_eustachio, uniq_ijyb, uniq_duvessa, uniq_prince_ribbit1

Skill      XL: |  1  2  3  4  5  6  7 |
---------------+----------------------+-----
Shields        | 4 5 |  5.4
Fighting       | 4 5 6 |  6.0
Armour         | 5 6 |  6.0
Polearms       | 1 2 |  2.6
Staves         | |  2.0

Action                   |  1- 3 |  4- 6 |  7- 9 || total
-------------------------+-------+-------+-------++-------
Melee: Quarterstaff      |    75 |    23 |       ||    98
       Halberd           |       |   118 |   115 ||   233
 Abil: Dig               |       |       |     1 ||     1
  Use: Scroll            |       |     4 |       ||     4
       Potion            |       |       |     2 ||     2
Armor: Scale mail        |    32 |       |       ||    32
       Chain mail        |     6 |   105 |    78 ||   189
Dodge: Dodged            |    35 |    46 |    73 ||   154
Block: Buckler           |    20 |    39 |    27 ||    86
